 Dungeon Crawl Stone Soup version 0.28.0-43-g3370ac3207 (webtiles) character file.

Game seed: 18384735067712823945

1409 Ablot the Grasshopper (level 8, -3/64 HPs)
             Began as a Gnoll Warper on Mar 25, 2022.
             Was a Priest of Okawaru.
             Slain by a troll (12 damage)
             ... on level 6 of the Dungeon.
             The game lasted 00:06:44 (6156 turns).

Ablot the Grasshopper (Gnoll Warper)                Turns: 6156, Time: 00:06:45

Health: -3/64      AC:  6    Str: 13    XL:     8   Next: 70%
Magic:  17/17      EV: 15    Int: 12    God:    Okawaru [***...]
Gold:   197        SH:  0    Dex: 18    Spells: 17/19 levels left

rFire   . . .      SeeInvis .   a - +0 trident
rCold   + . .      Faith    .   (no shield)
rNeg    . . .      Spirit   .   A - +2 robe {rC+}
rPois   .          Reflect  .   y - +0 helmet
rElec   .          Harm     .   (no cloak)
rCorr   .          Rampage  .   (no gloves)
Will    .....                   u - +0 pair of boots
Stlth   +++.......              b - amulet of magic regeneration
HPRegen 0.20/turn               e - +6 ring of dexterity
MPRegen 0.55/turn               f - +4 ring of slaying

@: on blink cooldown
A: fangs 1, strong nose, distributed training
a: Renounce Religion, Heroism


You were on level 6 of the Dungeon.
You worshipped Okawaru.
Okawaru was most pleased with you.
You visited 1 branch of the dungeon, and saw 6 of its levels.

You collected 197 gold pieces.

Inventory:

Hand Weapons
 a - a +0 trident (weapon)
Missiles
 d - 5 boomerangs of dispersal
 j - 178 stones
 m - 51 arrows
 s - 14 sling bullets
 v - 2 boomerangs (quivered)
 G - a throwing net
Armour
 u - a +0 pair of boots (worn)
 y - a +0 helmet (worn)
 A - a +2 robe of cold resistance (worn)
Jewellery
 b - an amulet of magic regeneration (around neck)
 e - a +6 ring of dexterity (left hand)
 f - a +4 ring of slaying (right hand)
 w - a ring of see invisible
Wands
 x - a wand of digging (8)
Scrolls
 c - 2 scrolls of blinking
 g - 4 scrolls of identify {unknown}
 i - 2 scrolls of brand weapon {unknown}
 k - 2 scrolls of fear {unknown}
 l - a scroll of acquirement {unknown}
 o - 2 scrolls of noise {unknown}
 r - a scroll of vulnerability {unknown}
 z - a scroll of summoning {unknown}
 B - a scroll of torment {unknown}
 C - 3 scrolls of magic mapping {unknown}
 D - a scroll of amnesia {unknown}
 E - a scroll of fog {unknown}
 H - a scroll of teleportation {unknown}
 I - a scroll of enchant weapon {unknown}
Potions
 h - 2 potions of berserk rage {unknown}
 n - 2 potions of flight {unknown}
 p - a potion of might
 q - 3 potions of haste {unknown}
 t - a potion of curing {unknown}
 F - a potion of heal wounds
 J - a potion of cancellation {unknown}


   Skills:
 + Level 5.8 Fighting
 + Level 3.5 Short Blades
 + Level 3.5 Long Blades
 + Level 3.5 Axes
 + Level 3.5 Maces & Flails
 + Level 5.8 Polearms
 + Level 3.5 Staves
 + Level 3.5 Slings
 + Level 3.5 Bows
 + Level 3.5 Crossbows
 + Level 4.4 Throwing
 + Level 4.4 Armour
 + Level 5.8 Dodging
 + Level 3.5 Stealth
 + Level 3.5 Shields
 + Level 3.5 Unarmed Combat
 + Level 6.1 Spellcasting
 + Level 2.8 Conjurations
 + Level 2.8 Hexes
 + Level 2.8 Summonings
 + Level 2.8 Necromancy
 + Level 6.2 Translocations
 + Level 2.8 Transmutations
 + Level 2.8 Fire Magic
 + Level 2.8 Ice Magic
 + Level 2.8 Air Magic
 + Level 2.8 Earth Magic
 + Level 2.8 Poison Magic
 + Level 3.8 Invocations
 + Level 3.5 Evocations


You had 17 spell levels left.
You knew the following spells:

 Your Spells              Type           Power      Damage    Failure   Level
a - Blink                 Tloc           36%        N/A       1%          2

Your spell library contained the following spells:

 Spells                   Type           Power      Damage    Failure   Level
 Gell's Gravitas          Tloc           18%        N/A       4%          3
 Lesser Beckoning         Tloc           18%        N/A       4%          3
 Teleport Other           Tloc           18%        N/A       4%          3
 Foxfire                  Conj/Fire      40%        2x1d6     5%          1
 Scorch                   Fire           20%        2d6       9%          2
 Conjure Flame            Conj/Fire      10%        6-21      16%         3
 Frozen Ramparts          Ice            20%        1d4       16%         3
 Inner Flame              Hex/Fire       10%        N/A       16%         3
 Stone Arrow              Conj/Erth      20%        3d8       16%         3
 Manifold Assault         Tloc           18%        N/A       36%         5
 Flame Wave               Conj/Fire      10%        2d5       47%         4
 Ice Form                 Ice/Tmut       10%        N/A       47%         4
 Lehudib's Crystal Spear  Conj/Erth      5%         10d3      100%        8
 Animate Armour           Summ/Erth      Unusable   N/A       N/A         4
 Summon Ice Beast         Ice/Summ       Unusable   N/A       N/A         4
 Summon Cactus Giant      Summ           Unusable   N/A       N/A         6

Dungeon Overview and Level Annotations

Branches:
Dungeon (6/15)
 Temple: D:4-7

Altars:
Okawaru

Annotations:
D:3 2 transporters, dangdung's ghost, amateur OpTm


Innate Abilities, Weirdness & Mutations

You have very sharp teeth.
Your uncanny sense of smell can sniff out nearby items.
Your experience applies equally to all skills.


Message History

You kill the adder!
Okawaru accepts your kill.
The troll shouts!
You reach to attack!
You closely miss the troll. You puncture the troll!
The troll is moderately wounded.
The troll misses you. The troll claws you. The troll barely misses you.
You closely miss the troll.
The troll is lightly wounded.
The troll barely misses you. The troll misses you. The troll claws you.
You hit the troll. You bite the troll.
The troll is moderately wounded.
The troll closely misses you. The troll barely misses you.
The troll claws you but does no damage.
You barely miss the troll.
The troll is moderately wounded.
The troll closely misses you. The troll claws you!
The troll closely misses you.
You puncture the troll!
The troll is heavily wounded.
The troll misses you. The troll claws you! x2
You are too injured to fight recklessly!
You are too injured to fight recklessly!
Casting: Blink (safe; 1% risk of failure)
Confirm with . or Enter, or press ? or * to list all spells.
You blink.
Unknown command.
You hit the troll.
The troll is heavily wounded.
The troll completely misses you. The troll claws you! The troll claws you.
* * * LOW HITPOINT WARNING * * *
You puncture the troll! You bite the troll.
The troll is severely wounded.
The troll barely misses you. The troll claws you!
* * * LOW HITPOINT WARNING * * *
The troll barely misses you.
You closely miss the troll. You bite the troll, but do no damage.
The troll is severely wounded.
The troll bites you but does no damage. The troll claws you!
You die...

#########
##.......########
#......<.#......#
#..####..#@##
#.....#..#T.###
#.........#
###†..........
......#......##
......###.#####
##.#### .# #. .#
# +#


You could see a troll.

Vanquished Creatures
  Grinder (D:3)
  Prince Ribbit (D:5)
  Sigmund (D:3)
  A centaur (D:5)
  Blork the orc (D:5)
  A scorpion (D:5)
  A wyvern skeleton (D:5)
  A water moccasin zombie (D:5)
  2 water moccasin skeletons
  An orc priest (D:4)
  3 hounds
  A centaur skeleton (D:4)
  An iguana (D:5)
  Ijyb (D:5)
  Robin (D:3)
  7 gnolls
  5 adders
  2 river rats (D:4)
  An ufetubus (D:4)
  An adder skeleton (D:5)
  2 worms (D:4)
  A dart slug (D:1)
  6 orcs
  5 ball pythons
  5 endoplasms
  4 giant cockroaches
  12 goblins
  9 hobgoblins
  6 jackals
  4 quokkas
  4 bats (D:1)
  3 frilled lizards
  11 kobolds
  7 rats
113 creatures vanquished.

Notes
Turn   | Place    | Note
-------+----------+-------------------------------------------
     0 | D:1      | Ablot the Gnoll Warper began the quest for the Orb.
     0 | D:1      | Reached XP level 1. HP: 20/20 MP: 6/6
   165 | D:1      | Reached XP level 2. HP: 20/26 MP: 7/7
   168 | D:1      | Learned a level 2 spell: Blink
   989 | D:1      | Reached XP level 3. HP: 30/31 MP: 9/9
  1181 | D:2      | Reached skill level 5 in Spellcasting
  1328 | D:2      | Found a faded altar of an unknown god.
  1463 | D:2      | Found an iron altar of Okawaru.
  1474 | D:2      | Became a worshipper of Warmaster Okawaru
  1619 | D:2      | Reached skill level 1 in Invocations
  1828 | D:2      | Reached skill level 1 in Short Blades
  1828 | D:2      | Reached skill level 1 in Long Blades
  1828 | D:2      | Reached skill level 1 in Axes
  1828 | D:2      | Reached skill level 1 in Maces & Flails
  1828 | D:2      | Reached skill level 1 in Staves
  1828 | D:2      | Reached skill level 1 in Slings
  1828 | D:2      | Reached skill level 1 in Bows
  1828 | D:2      | Reached skill level 1 in Crossbows
  1828 | D:2      | Reached skill level 1 in Stealth
  1828 | D:2      | Reached skill level 1 in Shields
  1828 | D:2      | Reached skill level 1 in Unarmed Combat
  1828 | D:2      | Reached skill level 1 in Evocations
  1929 | D:2      | Reached XP level 4. HP: 27/38 MP: 11/11
  1941 | D:2      | Reached skill level 1 in Conjurations
  1941 | D:2      | Reached skill level 1 in Hexes
  1941 | D:2      | Reached skill level 1 in Summonings
  1941 | D:2      | Reached skill level 1 in Necromancy
  1941 | D:2      | Reached skill level 1 in Transmutations
  1941 | D:2      | Reached skill level 1 in Fire Magic
  1941 | D:2      | Reached skill level 1 in Ice Magic
  1941 | D:2      | Reached skill level 1 in Air Magic
  1941 | D:2      | Reached skill level 1 in Earth Magic
  1941 | D:2      | Reached skill level 1 in Poison Magic
  2760 | D:3      | Noticed Sigmund
  2851 | D:3      | Noticed Robin
  2896 | D:3      | Killed Robin
  2897 | D:3      | Reached XP level 5. HP: 43/43 MP: 12/12
  3151 | D:3      | Killed Sigmund
  3151 | D:3      | Reached * piety under Okawaru
  3152 | D:3      | Reached XP level 6. HP: 31/50 MP: 14/14
  3296 | D:4      | Reached skill level 5 in Fighting
  3296 | D:4      | Reached skill level 5 in Polearms
  3296 | D:4      | Reached skill level 5 in Dodging
  3495 | D:3      | Noticed dangdung's ghost (amateur OpTm)
  3508 | D:3      | Found a transporter.
  3513 | D:3      | Found a transporter.
  3606 | D:3      | Noticed Grinder
  3615 | D:3      | Paralysed by Grinder for 7 turns
  3630 | D:3      | Paralysed by Grinder for 4 turns
  3635 | D:3      | Killed Grinder
  3635 | D:3      | Reached ** piety under Okawaru
  3636 | D:3      | Reached XP level 7. HP: 10/56 MP: 15/15
  4823 | D:5      | Entered Level 5 of the Dungeon
  4985 | D:5      | Reached XP level 8. HP: 34/63 MP: 16/16
  5181 | D:5      | Noticed Blork the orc
  5193 | D:5      | Killed Blork the orc
  5365 | D:5      | Noticed Ijyb
  5376 | D:5      | Killed Ijyb
  5847 | D:5      | Noticed Prince Ribbit
  5856 | D:5      | Killed Prince Ribbit
  5856 | D:5      | Reached *** piety under Okawaru
  6139 | D:6      | Noticed a troll
  6156 | D:6      | Slain by a troll

Illustrated notes

Levels and vault maps discovered:
D:1:      nicolae_arrival_somewhat_less_tricky_arrival, layout_loops_corners,
          minmay_pentomino_v4
D:2:      layout_loops_corners, basic_altar,
          hellmonk_ecumenical_altar_pennies_from_heaven, minivault_5,
          grunt_decor_mini_mirrors
D:3:      layout_basic, gammafunk_ghost_arena, uniq_robin, uniq_sigmund,
          uniq_grinder
D:4:      layout_gridville, portal_sewer_entry_a
D:5:      layout_basic, minmay_misc_feat_ornament,
          chequers_serial_rivers_micro_c, uniq_ijyb, uniq_blork_the_orc,
          uniq_prince_ribbit1
D:6:      layout_loops_corners, ebering_ghost_sewer_f, kennysheep_minor_cross

Skill      XL: |  1  2  3  4  5  6  7  8 |
---------------+-------------------------+-----
Spellcasting   | 5 6 |  6.1
Invocations    | 1 2 3 |  3.8
Short Blades   | 1 2 3 |  3.5
Long Blades    | 1 2 3 |  3.5
Axes           | 1 2 3 |  3.5
Maces & Flails | 1 2 3 |  3.5
Staves         | 1 2 3 |  3.5
Slings         | 1 2 3 |  3.5
Bows           | 1 2 3 |  3.5
Crossbows      | 1 2 3 |  3.5
Stealth        | 1 2 3 |  3.5
Shields        | 1 2 3 |  3.5
Unarmed Combat | 1 2 3 |  3.5
Evocations     | 1 2 3 |  3.5
Conjurations   | 1 2 |  2.8
Hexes          | 1 2 |  2.8
Summonings     | 1 2 |  2.8
Necromancy     | 1 2 |  2.8
Transmutations | 1 2 |  2.8
Fire Magic     | 1 2 |  2.8
Ice Magic      | 1 2 |  2.8
Air Magic      | 1 2 |  2.8
Earth Magic    | 1 2 |  2.8
Poison Magic   | 1 2 |  2.8
Throwing       | 3 4 |  4.4
Armour         | 3 4 |  4.4
Fighting       | 5 |  5.8
Polearms       | 5 |  5.8
Dodging        | 5 |  5.8
Translocations | 6 |  6.2

Action                   |  1- 3 |  4- 6 |  7- 9 || total
-------------------------+-------+-------+-------++-------
Melee: Spear             |    95 |    14 |       ||   109
       Bite              |     6 |     5 |    21 ||    32
       Trident           |       |    68 |   149 ||   217
       Punch             |       |     1 |     1 ||     2
Throw: Boomerang         |       |       |     7 ||     7
 Cast: Blink             |       |       |     1 ||     1
 Stab: Sleeping          |    10 |     5 |     7 ||    22
       Distracted        |       |     1 |       ||     1
Armor: Leather armour    |    14 |    10 |       ||    24
       Robe              |       |     5 |    26 ||    31
Dodge: Dodged            |    32 |    35 |    78 ||   145
